 Dungeon Crawl Stone Soup version 0.30-a0-1112-gfb780f5df6 (webtiles) character file.

Game seed: 14262981544626563338

3913 gelatine the Chucker (level 10, -7/73 HPs)
             Began as a Demonspawn Gladiator on Apr 20, 2023.
             Mangled by Joseph
             ... wielding a +0 quarterstaff
              (17 damage)
             ... on level 8 of the Dungeon.
             The game lasted 00:21:11 (7570 turns).

gelatine the Chucker (Demonspawn Gladiator)         Turns: 7570, Time: 00:21:12

Health: -7/73      AC:  6    Str: 26    XL:     10   Next: 1%
Magic:  15/15      EV: 14    Int:  9    God:
Gold:   600        SH:  4    Dex: 15    Spells: 15/15 levels left

rFire   . . .      SeeInvis .    E - +4 dire flail (freeze)
rCold   . . .      Faith    .    (shield currently unavailable)
rNeg    . . .      Spirit   .    p - +2 robe {Will+}
rPois   .          Reflect  .    m - +0 helmet
rElec   .          Rampage  .    c - +0 cloak
rCorr   .                        (no gloves)
Will    +++..                    (no boots)
Stlth   +++                      O - amulet "Qeamip Uniab" {Regen+ Str+7}
HPRegen 1.12/turn                A - ring of willpower
MPRegen 0.14/turn                (no ring)

@: mighty
A: hooves 1, large bone plates 1, powered by pain 1, spiny 1, strong-willed 1
a: no special abilities


You were on level 8 of the Dungeon.
You visited 2 branches of the dungeon, and saw 9 of its levels.

You collected 600 gold pieces.

Inventory:

Hand Weapons
 a - a +0 war axe
 w - a +2 hand axe of venom
 y - a +0 war axe
 E - a +4 dire flail of freezing (weapon)
Missiles
 d - 4 throwing nets
 e - a javelin
 r - 4 boomerangs (quivered)
 B - 11 poisoned darts
Armour
 c - a +0 cloak (worn)
 i - an orb of energy
 m - a +0 helmet (worn)
 p - a +2 robe of willpower (worn)
Magical Staves
 M - a staff of air
Jewellery
 A - a ring of willpower (left hand)
 O - the amulet "Qeamip Uniab" (around neck) {Regen+ Str+7}
   (You took it off a crimson imp on level 8 of the Dungeon)

   [amulet of regeneration]

   Str:       It affects your strength (+7).
   Regen:     It increases your rate of health regeneration.
Wands
 f - a wand of quicksilver (4)
 G - a wand of flame (12)
 K - a wand of iceblast (10)
Scrolls
 g - 2 scrolls of enchant weapon
 h - a scroll of torment
 k - a scroll of amnesia
 l - 2 scrolls of noise
 n - 3 scrolls of silence
 o - a scroll of magic mapping
 s - 4 scrolls of teleportation
 u - a scroll of fear
 x - 3 scrolls of poison
 F - a scroll of vulnerability
 H - a scroll of butterflies {unknown}
 I - a scroll of brand weapon {unknown}
 J - a scroll of fog {unknown}
 P - a scroll of identify
Potions
 j - 2 potions of magic
 q - a potion of flight
 t - 3 potions of brilliance
 v - 3 potions of mutation
 z - a potion of lignification
 C - 2 potions of invisibility
 D - a potion of resistance
 L - a potion of attraction {unknown}
 N - a potion of berserk rage


   Skills:
 * Level 4.3 Fighting
 * Level 6.0(6.1) Axes
 + Level 1.6(4.1) Maces & Flails
 * Level 7.2 Throwing
 * Level 3.9 Armour
 * Level 4.8 Dodging
 * Level 4.3 Stealth
 + Level 0.5 Shields
 * Level 3.4 Spellcasting
 * Level 3.6 Evocations


You had 15 spell levels left.
You didn't know any spells.
Your spell library contained the following spells:

 Spells                   Type           Power      Damage    Failure   Level
 Shock                    Conj/Air       4%         1d3       28%         1
 Ensorcelled Hibernation  Hex/Ice        2%         N/A       41%         2
 Lesser Beckoning         Tloc           2%         N/A       41%         2
 Passwall                 Tmut/Erth      0%         N/A       41%         2
 Gell's Gravitas          Tloc           1%         N/A       65%         3
 Swiftness                Air            1%         N/A       65%         3
 Teleport Other           Tloc           1%         N/A       65%         3
 Airstrike                Air            0%         2d(1-17)  96%         4
 Summon Ice Beast         Ice/Summ       1%         N/A       96%         4
 Fireball                 Conj/Fire      0%         3d3       100%        5
 Iskenderun's Battlesphe  Conj           1%         2d6       100%        5
 Summon Mana Viper        Hex/Summ       1%         N/A       100%        5
 Conjure Ball Lightning   Conj/Air       0%         3x3d6     100%        6
 Monstrous Menagerie      Summ           0%         N/A       100%        7
 Orb of Destruction       Conj           0%         9d5       100%        7


Dungeon Overview and Level Annotations

Branches:
Dungeon (8/15)             Temple (1/1) D:7
   Lair: D:8-11

Altars:
Ashenzari
Cheibriados
Dithmenos
Fedhas
Gozag
Hepliaklqana
Kikubaaqudgha
Makhleb
Nemelex Xobeh
Okawaru
Qazlal
Ru
Sif Muna
Trog
Vehumet
Wu Jian
Xom
Yredelemnul

Annotations:
D:8 2 transporters, Joseph; Lysca's ghost, novice OgFE


Innate Abilities, Weirdness & Mutations

You have large cloven feet.
You are partially covered in large bone plates. (SH +4)
You sometimes gain a little power by taking damage.
You are partially covered in sharp spines.
You are strong-willed. (Will+)


Message History

Found a flail.
You see here a +0 flail.
v - 3 potions of mutation (gained 1)
Found a bloodstained altar of Trog.
The gnoll sergeant shouts!
Found a transporter.
Found a +0 spear.
Found a transporter.
Lysca's ghost turns its malevolent gaze towards you.
There is a transporter here.
Joseph, a Mercenary comes into view.
He is wielding a +0 quarterstaff.
You see here a scroll of identify.
P - a scroll of identify You throw a boomerang.
The boomerang hits Joseph.
Joseph shouts!
Joseph is lightly wounded.
Joseph unwields a +0 quarterstaff.
Joseph wields a +0 sling.
Joseph shoots a sling bullet.
The sling bullet hits you!
Found 7 stones.
Joseph shoots a sling bullet.
The sling bullet hits you!
Joseph shoots a sling bullet.
The sling bullet hits you!
You are too injured to fight recklessly!
Joseph shoots a sling bullet.
The sling bullet hits you!!
* * * LOW HITPOINT WARNING * * *
You feel much better.
Joseph unwields a +0 sling.
Joseph wields a +0 quarterstaff.
Joseph drinks a potion.
Joseph goes berserk!
The ogre shouts!
Joseph hits you with a +0 quarterstaff!
You focus on the pain.
You feel very mighty all of a sudden. Joseph barely misses you.
You barely miss Joseph.
The moth of wrath's fur bristles in rage as it notices you.
Your kick misses Joseph. Joseph hits you with a +0 quarterstaff!
Unknown command.
You thump Joseph! You freeze Joseph.
Joseph is lightly wounded.
Joseph is struck by your spines. Joseph hits you with a +0 quarterstaff!
* * * LOW HITPOINT WARNING * * *
Joseph hits you with a +0 quarterstaff!
You die...

.....#####......#
#....##.
...###gO.###....# ##
#....###
..#####....##...# ...
.....# ..#..##.y...#...#
....
.##O.#≈#...O##..####....
.#g.##o....y.#.....(....
.#.....Og###©#..........
.#..##..)≈#..#.......#
.#### #..##.##..@@...#
..# ##....##...........
..## #..W..##........#..
...###..o###.........#
#....#####...........#
###....©.............#
####...##..........#
##.....##########
#######


You could see Joseph (berserk), a moth of wrath and an ogre.

Vanquished Creatures
  A hornet (D:7)
  Sigmund (D:2)
  A water moccasin (D:6)
  Duvessa (D:5)
  2 orc warriors
  2 ice beasts
  2 ogres
  2 centaurs (D:5)
  2 phantoms
  A kobold brigand (D:6)
  4 bullfrogs
  4 scorpions
  6 wights
  6 killer bees (D:8)
  Dowan (D:5)
  A howler monkey (D:5)
  8 crimson imps (D:8)
  5 hounds
  2 jellies
  4 orc priests
  A gnoll bouda (D:7)
  5 iguanas
  3 sleepcaps
  6 orc wizards
  Robin (D:3)
  3 gnolls (D:7)
  4 adders
  A shadow imp (D:8)
  3 white imps
  3 ufetubi
  2 worms
  A dart slug (D:4)
  24 orcs
  13 ball pythons
  7 endoplasms
  5 giant cockroaches
  7 goblins
  16 hobgoblins
  4 jackals (D:3)
  7 kobolds
  6 quokkas
  11 bats
  A frilled lizard (D:2)
  4 rats
194 creatures vanquished.

Vanquished Creatures (others)
  A frilled lizard (D:3)
1 creature vanquished.

Grand Total: 195 creatures vanquished

Notes
Turn   | Place    | Note
-------+----------+-------------------------------------------
     0 | D:1      | gelatine the Demonspawn Gladiator began the quest for the
                  | Orb.
     0 | D:1      | Reached XP level 1. HP: 16/16 MP: 1/1
   155 | D:1      | Gained mutation: You are partially covered in sharp spines.
                  | [demonic ancestry]
   155 | D:1      | Reached XP level 2. HP: 18/22 MP: 2/2
   294 | D:1      | Reached skill level 1 in Stealth
   591 | D:2      | Reached XP level 3. HP: 27/28 MP: 3/3
   777 | D:2      | Reached skill level 1 in Armour
  1014 | D:2      | Noticed Sigmund
  1019 | D:2      | Gained mutation: You are strong-willed. (Will+) [potion of
                  | mutation]
  1037 | D:2      | Killed Sigmund
  1038 | D:2      | Reached skill level 2 in Throwing
  1038 | D:2      | Reached XP level 4. HP: 34/34 MP: 4/4
  1038 | D:2      | Reached XP level 5. HP: 40/40 MP: 5/5
  1584 | D:3      | Noticed Robin
  1596 | D:3      | Killed Robin
  2077 | D:3      | Reached XP level 6. HP: 46/46 MP: 6/6
  2244 | D:3      | Found a faded altar of an unknown god.
  2610 | D:4      | Gained mutation: You are partially covered in large bone
                  | plates. (SH +4) [demonic ancestry]
  2610 | D:4      | Reached XP level 7. HP: 52/52 MP: 6/8
  2695 | D:4      | Found a large runed translucent door.
  2695 | D:4      | Found a large runed translucent door.
  2985 | D:4      | Reached skill level 3 in Throwing
  2985 | D:4      | Reached skill level 1 in Evocations
  3361 | D:4      | Found a snail-covered altar of Cheibriados.
  3368 | D:4      | Found a broken altar of Ashenzari.
  3395 | D:5      | Entered Level 5 of the Dungeon
  3446 | D:5      | Noticed Duvessa
  3448 | D:5      | Noticed Dowan
  3457 | D:5      | Killed Dowan
  3458 | D:5      | Reached skill level 1 in Spellcasting
  3459 | D:5      | Killed Duvessa
  3507 | D:5      | Reached skill level 4 in Throwing
  3836 | D:5      | Gained mutation: You sometimes gain a little power by
                  | taking damage. [demonic ancestry]
  3836 | D:5      | Reached XP level 8. HP: 58/58 MP: 10/10
  4476 | D:5      | Reached skill level 5 in Throwing
  4848 | D:6      | Reached skill level 5 in Axes
  5243 | D:6      | Found a burning altar of Makhleb.
  5292 | D:6      | Gained mutation: You have large cloven feet. [demonic
                  | ancestry]
  5292 | D:6      | Reached XP level 9. HP: 42/65 MP: 12/12
  5663 | D:7      | Paralysed by a hornet for 2 turns
  5667 | D:7      | Paralysed by a hornet for 1 turns
  5670 | D:7      | Reached skill level 6 in Throwing
  6405 | D:7      | Found a staircase to the Ecumenical Temple.
  6732 | Temple   | Entered the Ecumenical Temple
  6732 | Temple   | Found a transporter.
  6732 | Temple   | Found a transporter.
  6734 | Temple   | Found a transporter.
  6734 | Temple   | Found a transporter.
  6970 | D:8      | Noticed Lysca's ghost (novice OgFE)
  6986 | D:8      | Noticed a moth of wrath
  6992 | D:8      | Noticed a two-headed ogre
  7027 | D:8      | Reached skill level 7 in Throwing
  7054 | D:8      | Reached skill level 1 in Maces & Flails
  7394 | D:8      | Identified the amulet "Qeamip Uniab" {Regen+ Str+7}
  7437 | D:8      | Reached XP level 10. HP: 73/73 MP: 15/15
  7543 | D:8      | Found a bloodstained altar of Trog.
  7550 | D:8      | Found a transporter.
  7555 | D:8      | Found a transporter.
  7559 | D:8      | Noticed Joseph
  7570 | D:8      | Mangled by Joseph

Illustrated notes

Levels and vault maps discovered:
D:1:      dpeg_arrival_signposts, layout_rooms
D:2:      layout_basic, minmay_misc_feat_plants, uniq_sigmund
D:3:      layout_basic, dilly_ecumenical_altar_fadedgnrine, uniq_robin
D:4:      layout_cave_pods, jmf_multi_god_temple2
D:5:      layout_basic, kennysheep_big_empty_room,
          ebering_dispersal_statue_hall, grunt_decor_one_mirror, uniq_duvessa
D:6:      layout_rooms, bloody_makhleb
D:7:      layout_basic, minmay_temple_entry_overgrown
D:8:      layout_basic, mainiacjoe_overflow_brackets,
          mainiacjoe_overflow_alcove_4, gammafunk_ghost_wrathful_warriors,
          minmay_nine_imps, uniq_joseph
Temple:   hellmonk_temple_divided_pantheon

Skill      XL: |  1  2  3  4  5  6  7  8  9 |
---------------+----------------------------+-----
Axes           | 3 4 5 6 |  6.0
Stealth        | 1 2 3 4 |  4.3
Armour         | 2 3 |  3.9
Throwing       | 2 4 5 7 |  7.2
Dodging        | 3 4 |  4.8
Fighting       | 3 4 |  4.3
Evocations     | 1 2 3 |  3.6
Spellcasting   | 1 2 3 |  3.4
Maces & Flails | 1 |  1.6
Shields        | |  0.5

Action                     |  1- 3 |  4- 6 |  7- 9 | 10-12 || total
---------------------------+-------+-------+-------+-------++-------
  Melee: War axe           |    60 |    48 |       |       ||   108
         Hand axe          |       |     2 |   134 |       ||   136
         Dire flail        |       |       |    60 |     7 ||    67
         Kick              |       |       |    26 |     2 ||    28
  Throw: Boomerang         |    17 |    72 |   168 |     1 ||   258
  Evoke: Wand              |       |       |     6 |       ||     6
    Use: Potion            |     4 |     3 |     4 |     1 ||    12
         Scroll            |       |       |    16 |       ||    16
   Stab: Sleeping          |       |     5 |     1 |       ||     6
 Armour: Leather armour    |    14 |     4 |       |       ||    18
         Skin              |    11 |       |       |       ||    11
         Animal skin       |       |     3 |     1 |       ||     4
         Robe              |       |       |    34 |     2 ||    36
  Dodge: Dodged            |    39 |    31 |   122 |     2 ||   194
  Block: Other             |       |       |    37 |       ||    37

Table legend: (Time is in decaauts)
 A = Elapsed time spent in this place.
 B = Non-inter-level travel time spent in this place.
 C = Inter-level travel time spent in this place.
 D = Time resting spent in this place.
 E = Time spent auto-exploring this place.
 F = Levels seen in this place.
 G = Mean time per level.
                   A        B        C        D        E       F      G
               +--------+--------+--------+--------+--------+-----+--------+
         Total |   7627 |   7344 |    283 |     27 |   5712 |   9 |  847.4 |
       Dungeon |   7572 |   7289 |    283 |     27 |   5710 |   8 |  946.5 |
        Temple |     54 |     54 |      0 |      0 |      2 |   1 |   54.0 |
               +--------+--------+--------+--------+--------+-----+--------+

Top non-repeatable levels by time:
     D:5: 1308 daAuts
     D:7: 1216 daAuts
     D:4: 1126 daAuts
     D:3: 1016 daAuts
     D:2: 790 daAuts
     D:6: 774 daAuts
     D:8: 768 daAuts
     D:1: 572 daAuts
  Temple: 54 daAuts
